[Event "Late-Titled-Tuesday-Blitz-July-09-2024"]
[Site "Chess.com"]
[Date "2024.07.09"]
[Round "1"]
[White "HATilay"]
[Black "lluiss"]
[Result "0-1"]
[WhiteElo "2565"]
[BlackElo "2217"]
[TimeControl "180+1"]
[EndTime "14:08:28 PDT"]
[Termination "lluiss won by checkmate"]

1. e4 c5 2. Nf3 d6 3. d4 cxd4 4. Nxd4 Nf6 5. Nc3 g6 6. Be3 Bg7 7. f3 O-O 8. Qd2 Nc6 9. O-O-O Nxd4 10. Bxd4 Be6 11. Nd5 Bxd5 12. exd5 Qc7 13. Kb1 Rac8 14. Rc1 a6 15. h4 e5 16. dxe6 fxe6 17. g4 Nd5 18.
Bxg7 Kxg7 19. c4 Nf4 20. h5 Qc5 21. Rh2 e5 22. hxg6 hxg6 23. g5 Rh8 24. Rh6 Rxh6 25.
gxh6+ Kxh6 26. Bd3 Kg7 27. Be4 b5 28. Qh2 Rh8 29. Qg3 bxc4 30. Qg5 Qc7 31. Rg1 Rh6 32. Bc2 Nh3 33. Qg3 Nxg1 34. Qxg1 Qf7 35. Qd1 d5 36. a3 d4 37. Be4 c3 38. bxc3 dxc3 39. Qc2 Qc7 40. f4 Qb6+ 41. Ka2 Qb2+ 42. Qxb2 cxb2 43. fxe5 Rh2 44. e6 g5 45. Bd3 a5 46. Bf5 Kf6 47. Bg4 Rg2 48. Bf3 Rf2 49. Bg4 Rf4 50. Bh3 Rf2 51.
Bg4 Rf4 52. Bh3 g4 53. Bg2 Rf2 54. Bd5 g3 55. Kb1 g2 56. Bxg2 Rxg2 57. a4 Kxe6 58.
Ka2 Kd5 59. Ka3 Kc5 60. Ka2 Kb4 61. Kb1 Rg1+ 62. Ka2 b1=Q# 0-1

[Event "Late-Titled-Tuesday-Blitz-July-09-2024"]
[Site "Chess.com"]
[Date "2024.07.09"]
[Round "1"]
[White "luggevoila"]
[Black "GulamaliRises"]
[Result "0-1"]
[WhiteElo "2337"]
[BlackElo "2662"]
[TimeControl "180+1"]
[EndTime "14:08:32 PDT"]
[Termination "GulamaliRises won on time"]

1. e4 e5 2. Nf3 Nc6 3. Nc3 Bb4 4. Nd5 Be7 5. Bc4 Nf6 6. d3 d6 7. O-O Be6 8. a3 O-O 9. c3 Qd7 10. Ng5 h6 11. Nxe6 fxe6 12. Ne3 d5 13. Ba2 Rad8 14.
Qc2 Kh8 15. b4 d4 16. Nc4 b5 17. Na5 Nxa5 18. bxa5 c5 19. Rd1 Bd6 20. c4 a6 21.
Rb1 Rb8 22. Bd2 Qf7 23. Be1 Nh5 24. cxb5 axb5 25. g3 Qg6 26. Kf1 Qg4 27. Qe2 Qh3+ 28. Kg1 Rf6 29. Qf1 Qg4 30. h3 Qg6 31. Kh2 Qf7 32. Qe2 g6 33. a4 b4 34. Bc4 Rf8 35. Kg2 Kh7 36. a6 Qa7 37. Rb2 Ng7 38. Rc1 R6f7 39.
Bb5 h5 40. Rbc2 h4 41. gxh4 Nh5 42. Bd2 Rxf2+ 43. Qxf2 Rxf2+ 44. Kxf2 Qf7+ 45. Kg2 Qe7 46. Bg5 Qc7 47. Rf2 Kg7 48. Rcf1 Nf4+ 49. Bxf4 exf4 50. Kf3 b3 51. Rg2 Qa5 52. Rfg1 Qc3 53. Rxg6+ Kf7 54.
Rg7+ Kf6 55. R1g6+ Ke5 56. Rg5+ Kf6 57. R5g6+ Ke5 58. Bd7 Qxd3+ 59. Kg4 Qg3+ 60. Kh5 Qf3+ 61. Kh6 d3 62. Rxe6+ Kd4 63. Rxd6+ Ke3 64. e5 c4 65. Rc6 d2 66. Rd6 d1=Q 67. Rxd1 Qxd1 68. Bb5 Qd4 69. e6 Qf6+ 70. Rg6 Qxh4+ 71. Kg7 Qe7+ 72. Kh6 b2 73. a7 Qf8+ 74. Rg7 b1=Q 75. e7 Qf6+ 76. Kh5 Qbf5+ 0-1

[Event "Late-Titled-Tuesday-Blitz-July-09-2024"]
[Site "Chess.com"]
[Date "2024.07.09"]
[Round "1"]
[White "banjadvorovi"]
[Black "BogdanDeac"]
[Result "0-1"]
[WhiteElo "2498"]
[BlackElo "2972"]
[TimeControl "180+1"]
[EndTime "14:08:33 PDT"]
[Termination "BogdanDeac won by resignation"]

1. e4 c5 2. Nc3 e6 3. Nge2 Nc6 4. g3 Nf6 5. Bg2 Be7 6. O-O O-O 7. d3 d5 8. f4 d4 9. Nb1 e5 10. f5 b5 11. h3 c4 12. g4 Nd7 13. Nd2 Nc5 14. dxc4 bxc4 15. Nxc4 Ba6 16. b3 Bxc4 17. bxc4 Na5 18.
Ng3 Bg5 19. Bxg5 Qxg5 20. Qc1 Qxc1 21. Rfxc1 Nxc4 22. Bf1 Ne3 23. Bd3 Rab8 24. Rab1 Rfc8 25. Kf2 g6 26. Ke2 Kg7 27. Kd2 Kh6 28. c3 Rxb1 29.
Rxb1 Rd8 30. cxd4 Rxd4 31. Kxe3 Rxd3+ 32. Kf2 Kg5 33. Rc1 Nd7 34. Rc7 Kh4 35. Ne2 Kxh3 36. Nc1 Rd6 37. g5 Kg4 38. fxg6 hxg6 39. Nb3 a6 40.
Na5 Kxg5 41. Nc4 Rd4 42. Ke3 f6 43. Nd2 Kg4 44. Nf3 Rd6 45. Nh2+ Kh5 46. Nf3 g5 47. Rc8 Kg6 48. Rg8+ Kf7 49. Rd8 Ke7 50. Rc8 Nb6 51.
Rc7+ Kd8 52. Rf7 Nd7 53. Nh2 Ke8 54. Rh7 Nf8 55. Ra7 Ne6 56. Ng4 Nc5 57. Nh6 Rd3+ 58. Ke2 Rd4 59. Nf5 Rxe4+ 60. Kd2 Rf4 61. Nd6+ Kf8 62.
Rf7+ Kg8 63. Rc7 Rd4+ 64. Ke3 Rxd6 65. Rxc5 Kg7 0-1

[Event "Late-Titled-Tuesday-Blitz-July-09-2024"]
[Site "Chess.com"]
[Date "2024.07.09"]
[Round "1"]
[White "Seppppppy"]
[Black "ManMish2"]
[Result "1-0"]
[WhiteElo "2285"]
[BlackElo "2591"]
[TimeControl "180+1"]
[EndTime "14:08:36 PDT"]
[Termination "Seppppppy won by resignation"]

1. e4 e5 2. Nf3 Nc6 3. Bc4 Nf6 4. d4 exd4 5. O-O Nxe4 6. Re1 d5 7. Bxd5 Qxd5 8. Nc3 Qh5 9. Nxe4 Be7 10. Bg5 Bg4 11.
Bxe7 Nxe7 12. Qxd4 Bxf3 13. Qxg7 O-O-O 14. Ng3 Qc5 15. Qxf7 Nc6 16. Qxf3 Rhf8 17. Qg4+ Kb8 18. Ne4 Qxc2 19.
Rec1 Qd3 20. Rxc6 bxc6 21. Nc5 Qd4 22. Qxd4 Rxd4 23. Ne6 Rfd8 24. Nxd8 Rxd8 25. Rc1 Rd2 26. Rb1 Kc8 27. g3 Kd7 28. Kg2 Ke6 29. Kf3 c5 30.
Ke3 Rc2 31. a3 c4 32. Kd4 Kd6 33. f4 c5+ 34. Ke3 Rxh2 35. Rc1 Kd5 36. Rd1+ Kc6 37. Rb1 Kb5 38. Ke4 Ka4 39. Kd5 Kb3 40. Rc1 Rxb2 41. Rxc4 Rg2 42. Kxc5 Rxg3 43. Rb4+ Kxa3 44. Rb7 Rc3+ 45.
Kd4 Rc6 46. Rxa7+ Kb4 47. Rxh7 Rd6+ 48. Ke5 Rd8 49. f5 Kc5 50. f6 Re8+ 51. Kf5 Kd6 52. Kg6 Re1 53. Rh2 Rg1+ 54. Kf7 Rf1 55. Rd2+ Ke5 56.
Re2+ Kd6 57. Kg7 Rg1+ 58. Kf8 Rf1 59. f7 Kd7 60. Rd2+ Kc7 61. Rd5 Kc6 62. Rd2 Kc7 63. Rd4 Rf2 64. Ke7 Re2+ 65. Kf6 Rf2+ 66. Ke6 Re2+ 67. Kf5 Rf2+ 68. Rf4 Rxf4+ 69. Kxf4 1-0

[Event "Late-Titled-Tuesday-Blitz-July-09-2024"]
[Site "Chess.com"]
[Date "2024.07.09"]
[Round "1"]
[White "IamSchrodingersCat"]
[Black "TheAlienParty"]
[Result "1-0"]
[WhiteElo "2656"]
[BlackElo "2334"]
[TimeControl "180+1"]
[EndTime "14:08:37 PDT"]
[Termination "IamSchrodingersCat won on time"]

1. e4 e5 2. Nf3 Nc6 3. Bb5 a6 4. Ba4 d6 5. c3 Bd7 6. O-O g5 7. d4 g4 8. Ne1 h5 9. Be3 Bh6 10.
Nd3 Bxe3 11. fxe3 Qg5 12. Qe2 Nh6 13. Nd2 O-O-O 14. b4 Kb8 15. Bb3 Rhf8 16. a4 Na7 17. Nc4 f5 18. exf5 exd4 19. exd4 Rde8 20. Qd2 Qxd2 21. Nxd2 Bxf5 22. Nf4 h4 23. Rae1 Bc8 24.
Ng6 Rxf1+ 25. Kxf1 Rxe1+ 26. Kxe1 Nf5 27. Bc2 h3 28. gxh3 gxh3 29. Kf2 c5 30. bxc5 dxc5 31. d5 Kc7 32. Nf4 b5 33. Nxh3 bxa4 34. Bxa4 Nb5 35. Ne4 Nfd6 36. Nxd6 Kxd6 37. Nf4 Nxc3 38. Bb3 Bb7 39.
h4 Nxd5 40. Ng6 Nf6 41. Bd1 Bd5 42. Nf4 Bg8 43. h5 Nxh5 44. Nxh5 Ke5 45. Ke3 c4 46.
Nf4 a5 47. Ne2 Bf7 48. Nc3 Kd6 49. Kd4 Kc6 50. Ba4+ Kb6 51. Ne4 Bg6 52. Nd6 Bd3 53.
Nf7 Bf1 54. Ne5 Bd3 55. Nf3 Bf1 56. Nd2 Bd3 57. Nf3 Bf1 58. Ne5 Bd3 59. Be8 Bf1 60. Nd7+ Kc7 61. Nf6 Kb6 62. Nd5+ Kb7 63. Kc5 a4 64.
Bxa4 Kc8 65. Kd6 Kd8 66. Bd7 c3 67. Nc7 1-0

[Event "Late-Titled-Tuesday-Blitz-July-09-2024"]
[Site "Chess.com"]
[Date "2024.07.09"]
[Round "1"]
[White "WildTricks"]
[Black "Defenstrator"]
[Result "1-0"]
[WhiteElo "2708"]
[BlackElo "2387"]
[TimeControl "180+1"]
[EndTime "14:08:39 PDT"]
[Termination "WildTricks won by checkmate"]

1. d4 c6 2. c4 d5 3. Nf3 Nf6 4. Nc3 e6 5. e3 Nbd7 6. Bd3 dxc4 7. Bxc4 b5 8. Bd3 a6 9. O-O c5 10. Qe2 Bb7 11. e4 cxd4 12. Nxd4 Nc5 13. Rd1 Qc7 14.
Bc2 b4 15. Na4 Ncxe4 16. Be3 Bd6 17. h3 O-O 18. Rac1 Qa5 19. Bb3 Ng5 20. Nc6 Bxc6 21.
Rxc6 Qe5 22. f4 Qe4 23. Rcxd6 Nxh3+ 24. gxh3 Rac8 25. R6d4 Qf5 26. Qg2 e5 27. Rxb4 a5 28. Rb5 Qh5 29. Rxe5 Qh4 30. Rg5 g6 31. Qg3 Qh6 32. Bd4 Nh5 33. Qg4 Rfe8 34. Rxh5 Qxh5 35. Qxh5 gxh5 36. Kf2 Re4 37. Rg1+ Kf8 38. Be5 f6 39. Bd6+ Ke8 40. Rg8+ Kd7 41. Nb6+ Kxd6 42. Nxc8+ Kc7 43. Rh8 Rxf4+ 44. Ke3 Rh4 45. Ne7 Rxh3+ 46. Kf4 Rh2 47. Nd5+ Kd6 48. Nxf6 Rf2+ 49. Kg5 Rxb2 50. Rxh7 a4 51. Bg8 Rb5+ 52. Kf4 Rb2 53. Rd7+ Kc6 54. Ra7 Rb4+ 55. Kg5 h4 56. Bd5+ Kb6 57. Rb7+ Kc5 58. Rxb4 Kxb4 59. Kxh4 Kc5 60. Bg8 Kd4 61. Kg5 Kc3 62.
Nd7 Kb4 63. Kf6 Ka3 64. Ke7 Kb2 65. Kd6 Ka3 66. Kc5 Kb2 67. Kb4 a3 68. Ka4 Kb1 69. Kxa3 Ka1 70. Kb4 Kb2 71. a4 Ka1 72. a5 Kb2 73. a6 Kc1 74. a7 Kb2 75. a8=Q Kb1 76. Qh1+ Kb2 77. Qg2+ Ka1 78. Qa2# 1-0

[Event "Late-Titled-Tuesday-Blitz-July-09-2024"]
[Site "Chess.com"]
[Date "2024.07.09"]
[Round "1"]
[White "HPanesso"]
[Black "APOKALIPSA13"]
[Result "1-0"]
[WhiteElo "2560"]
[BlackElo "2115"]
[TimeControl "180+1"]
[EndTime "14:08:42 PDT"]
[Termination "HPanesso won on time"]

1. d4 e5 2. dxe5 Nc6 3. Nf3 Qe7 4. Bf4 Qb4+ 5. Bd2 Qxb2 6. Nc3 Bb4 7. Rb1 Qxc3 8.
Bxc3 Bxc3+ 9. Nd2 Bxe5 10. e3 Nf6 11. Bd3 O-O 12. O-O h6 13. f4 Bc3 14. Ne4 Nxe4 15.
Bxe4 Ba5 16. Bd5 Bb6 17. Qf3 Ne7 18. Bb3 Nf5 19. Rfe1 c6 20. g4 Nxe3 21. Bxf7+ Rxf7 22. Rxb6 axb6 23. Qxe3 d5 24. Qxb6 Bxg4 25. Qd4 Rxa2 26.
Re8+ Kh7 27. Re5 Bf5 28. c3 Be4 29. Qe3 Rg2+ 30. Kf1 Rg4 31. Ke1 Rgxf4 32. Qh3 Rf2 33. Re8 Bf5 34. Qe3 Ra2 35. Rb8 Rxh2 36. Qe8 Rh1+ 37.
Kd2 Rh2+ 38. Ke3 Kg6 39. Kd4 Rh4+ 40. Kc5 Rc4+ 41. Kd6 Re4 42. Qd8 Re6+ 43. Kc5 Be4 44. Qh4 Rf3 45. c4 Rc3 46. Qg4+ Kf7 47. Rxb7+ Re7 48. Qf4+ Ke8 49. Qb8+ Kf7 50. Qf4+ Ke8 51. Rxe7+ Kxe7 52. Qe5+ Kf8 53. Qxc3 Kf7 54. Qe5 g5 55. Kd6 Kg6 56. c5 h5 57. Kxc6 h4 58. Kd6 g4 59.
Qf4 Kh5 60. c6 g3 61. c7 g2 62. Qf2 1-0

[Event "Late-Titled-Tuesday-Blitz-July-09-2024"]
[Site "Chess.com"]
[Date "2024.07.09"]
[Round "1"]
[White "evgchess5"]
[Black "Romadk"]
[Result "1-0"]
[WhiteElo "2854"]
[BlackElo "2456"]
[TimeControl "180+1"]
[EndTime "14:08:46 PDT"]
[Termination "evgchess5 won by resignation"]

1. e4 Nf6 2. e5 Nd5 3. d4 d6 4.
Nf3 g6 5. Bc4 Nb6 6. Bb3 Bg7 7.
Ng5 e6 8. Qf3 Qe7 9. Ne4 dxe5 10.
Bg5 Qb4+ 11. c3 Qa5 12. Bf6 O-O 13. Bxg7 Kxg7 14. Qf6+ Kg8 15. Qxe5 Qxe5 16. dxe5 Nc6 17. f4 Na5 18. Nbd2 Nxb3 19. axb3 Bd7 20. c4 Bc6 21. Ke2 a6 22. Ke3 Kg7 23. Rhd1 h5 24. g3 Nc8 25. Nf3 Ne7 26. Nd4 Rfd8 27. Nc5 Nf5+ 28. Nxf5+ gxf5 29. b4 Kf8 30. Nb3 Ke7 31. Nd4 Be4 32.
Ne2 h4 33. g4 Bc2 34. Rxd8 Rxd8 35. Nd4 Be4 36. gxf5 Bxf5 37. b5 axb5 38. cxb5 Bh3 39. Ra7 Bg2 40. Ra1 Bd5 41. Rc1 Kd7 42. Rg1 Rh8 43.
Rg7 Ke7 44. f5 Kf8 45. f6 Rh5 46. Kf4 Rh8 47. Rg1 Rh5 48. Rc1 c6 49. bxc6 bxc6 50. b4 h3 51. Rg1 Ke8 52. Rg8+ Kd7 53. Rg7 Ke8 54. Rg5 Rh4+ 55. Rg4 Rxg4+ 56. Kxg4 Bg2 57. Ne2 Kd7 58. Kf4 Kc7 59. Kg4 Kb6 60. Nf4 Kb5 61.
Nxe6 Kxb4 62. Ng5 c5 63. e6 c4 64. exf7 c3 65. f8=Q+ Kb3 66. Qc5 c2 67. f7 Kb2 68.
f8=Q c1=Q 69. Qff2+ 1-0

[Event "Late-Titled-Tuesday-Blitz-July-09-2024"]
[Site "Chess.com"]
[Date "2024.07.09"]
[Round "1"]
[White "Paladin61"]
[Black "Jenia84"]
[Result "1-0"]
[WhiteElo "2728"]
[BlackElo "2400"]
[TimeControl "180+1"]
[EndTime "14:08:47 PDT"]
[Termination "Paladin61 won by resignation"]

1. c4 e5 2. Nc3 Nf6 3. Nf3 d6 4. g3 g6 5. Bg2 Bg7 6. d4 exd4 7.
Nxd4 O-O 8. O-O Nbd7 9. e4 Nb6 10. b3 Bg4 11. Qd2 c6 12. h3 Bd7 13. Kh2 Qc7 14. Ba3 Rad8 15. Rad1 Rfe8 16. Rfe1 a6 17. Nc2 Nc8 18. f4 Nh5 19. Ne2 c5 20. Ne3 Nf6 21. Nc3 Bc6 22. Qc2 b5 23. Bb2 Nb6 24. Ncd5 Nbxd5 25.
cxd5 Bb7 26. Bc3 Nh5 27. Bxg7 Kxg7 28. Qb2+ Kg8 29. Ng4 f6 30. Nxf6+ Nxf6 31. Qxf6 Qa5 32. Re2 c4 33. bxc4 bxc4 34. Rc1 Bxd5 35. Rec2 Bf7 36.
h4 Qc7 37. h5 Qe7 38. Qd4 gxh5 39. Bf3 Qe6 40. Rg1 Qh6 41. Be2 Rf8 42. Bxc4 Bxc4 43.
Qxc4+ Kh8 44. Qd4+ Qg7 45. Qd5 Qf7 46. Qd4+ Qg7 47. Qd3 Qf7 48. Rc6 Rc8 49. Rxd6 Qxa2+ 50. Kh3 Qf7 51. Qd4+ Qg7 52. f5 Qxd4 53. Rxd4 Rfe8 54.
Ra1 Kg7 55. Rxa6 Rc7 56. Rad6 Rce7 57. Rd7 Rxd7 58. Rxd7+ Kf6 59. Rxh7 Rxe4 60. Rxh5 Re3 61. Kh4 Rf3 62. g4 Rf4 63. Rh6+ Kg7 64. Rg6+ Kf7 65. Kg5 Rf1 66. Ra6 Rd1 67. Ra7+ Kg8 68. Kg6 Rd8 69. f6 Rf8 70. Rg7+ Kh8 71. Rh7+ Kg8 72. f7+ 1-0

[Event "Late-Titled-Tuesday-Blitz-July-09-2024"]
[Site "Chess.com"]
[Date "2024.07.09"]
[Round "1"]
[White "Bauman_Guy"]
[Black "Lady_Nika"]
[Result "1-0"]
[WhiteElo "2933"]
[BlackElo "2490"]
[TimeControl "180+1"]
[EndTime "14:08:48 PDT"]
[Termination "Bauman_Guy won on time"]

1. e4 c5 2. Nf3 e6 3. d4 cxd4 4.
Nxd4 a6 5. Bd3 Nc6 6. Nxc6 bxc6 7. Nd2 d5 8. Qe2 Nf6 9. O-O Be7 10. Nf3 dxe4 11. Bxe4 Nxe4 12. Qxe4 Qd5 13. Qe2 Qh5 14. Re1 O-O 15. Ne5 Qxe2 16. Rxe2 Bb7 17. Bd2 Rfd8 18.
c4 Bf6 19. Bc3 Bxe5 20. Rxe5 Rd3 21. h3 Rad8 22. Ree1 Bc8 23. a4 f6 24. f4 Kf7 25.
Kf2 c5 26. Ra3 Bb7 27. Rb3 Bc6 28. a5 R8d6 29. Rb6 Ba4 30. Re3 Rxe3 31. Rxd6 Re4 32.
g3 Rxc4 33. Rxa6 Bc2 34. Ke3 Be4 35. Ra7+ Kg6 36. Rc7 Bd5 37. g4 Re4+ 38. Kd3 c4+ 39. Kd2 Rxf4 40. a6 Rf2+ 41. Ke1 Rh2 42. a7 Rxh3 43. Rd7 Be4 44. Rd4 Bb7 45. Rxc4 Rh1+ 46. Kf2 Ra1 47. Bd4 Bd5 48. Rc7 Ra2 49. Ke3 Ra4 50. Rd7 Bh1 51. Rd8 e5 52. Bc5 Kg5 53.
Rd7 Kxg4 54. Rxg7+ Kf5 55. Rxh7 Bd5 56. Rd7 Bc6 57. Rc7 Bd5 58. Rd7 Bc6 59. Rd6 Bh1 60. Kd3 Bg2 61. Kc3 Kg6 62. b3 Ra1 63. Rd8 f5 64. Rg8+ Kf7 65. Rxg2 e4 66. Kd4 Rd1+ 67. Ke5 1-0

[Event "Late-Titled-Tuesday-Blitz-July-09-2024"]
[Site "Chess.com"]
[Date "2024.07.09"]
[Round "1"]
[White "giomar27"]
[Black "GMRafpig"]
[Result "1/2-1/2"]
[WhiteElo "2429"]
[BlackElo "2772"]
[TimeControl "180+1"]
[EndTime "14:08:49 PDT"]
[Termination "Game drawn by stalemate"]

1. Nc3 d5 2. d4 Nf6 3. Bf4 a6 4.
e3 Bf5 5. Bd3 Bxd3 6. Qxd3 e6 7.
Nf3 c5 8. Ne5 Nc6 9. O-O Bd6 10.
Nxc6 bxc6 11. Bxd6 Qxd6 12. Na4 c4 13. Qe2 O-O 14. b3 cxb3 15. axb3 e5 16. dxe5 Qxe5 17. Nc5 d4 18. b4 Nd5 19. Nd7 Qe7 20. Nxf8 Rxf8 21.
Rfe1 dxe3 22. fxe3 Nxb4 23. c3 Nd5 24. Qxa6 Qc5 25.
Qa5 Qc4 26. Qa4 Qxc3 27. Rac1 Qb2 28. Qc2 Qe5 29. Qxc6 g6 30. Qc5 Qe6 31. Rcd1 Nf6 32.
Qd6 Re8 33. Qxe6 Rxe6 34. Ra1 Kg7 35. Ra4 h5 36. e4 Re5 37. h3 Nd7 38. Kf2 Nc5 39. Rd4 Ne6 40. Rd5 Kf6 41. Rxe5 Kxe5 42. Kf3 Nd4+ 43. Kg3 Ne6 44. Re3 Kd4 45. Rf3 Ng5 46.
Rxf7 Nxf7 47. Kf4 Kc5 48. g4 h4 49. g5 Kd6 50. Kg4 Ke5 51. Kxh4 Kf4 52. e5 Kf5 53. e6 Kxe6 54. Kg4 Ne5+ 55. Kf4 Nd3+ 56. Kg4 Nf2+ 57. Kg3 Ne4+ 58. Kf4 Nc5 59. h4 Nd3+ 60.
Kg4 Ne5+ 61. Kf4 Nd3+ 62. Kg4 Nf2+ 63. Kf3 Nd1 64. Kg4 Ne3+ 65. Kf4 Ng2+ 66. Kg4 Nxh4 67. Kxh4 Kf5 68. Kh3 Kf4 69. Kh4 Kf5 70. Kh3 Kxg5 71. Kg3 Kh5 72. Kh3 g5 73. Kg3 g4 74. Kg2 Kg5 75.
Kg3 Kh5 76. Kg2 Kh4 77. Kh2 g3+ 78. Kg2 Kg4 79. Kg1 Kh3 80. Kh1 g2+ 81. Kg1 Kg3 1/2-1/2

[Event "Late-Titled-Tuesday-Blitz-July-09-2024"]
[Site "Chess.com"]
[Date "2024.07.09"]
[Round "1"]
[White "Chessbard1972"]
[Black "Love7Unicorn"]
[Result "1-0"]
[WhiteElo "2270"]
[BlackElo "2590"]
[TimeControl "180+1"]
[EndTime "14:08:58 PDT"]
[Termination "Chessbard1972 won by resignation"]

1. d4 Nf6 2. c4 e6 3. Nf3 b6 4. a3 Bb7 5. Nc3 Be7 6. d5 d6 7. e4 e5 8. Be2 a5 9. O-O Bc8 10. Rb1 O-O 11. b4 Nbd7 12. Ne1 h6 13. Be3 Nh7 14. Nd3 Bg5 15. Bxg5 Qxg5 16. c5 axb4 17. axb4 bxc5 18. bxc5 Ba6 19. cxd6 cxd6 20. Nb4 Bxe2 21. Qxe2 Nc5 22. Nb5 Qg6 23. f3 f5 24.
Nc6 Rae8 25. Nc7 fxe4 26. Nxe8 Rxe8 27. fxe4 Nxe4 28. Rb7 Kh8 29. Rff7 Rg8 30. Qf3 Nhg5 31. Qf5 Qh5 32. Rf8 Qd1+ 33. Qf1 Qxd5 34. Rxg8+ Qxg8 35. Rb8 Nf6 36. Rxg8+ Kxg8 37. Qc4+ Kf8 38. Qb4 Nf7 39.
Qb8+ Ne8 40. Nd8 Ke7 41. Nxf7 Kxf7 42. g4 Ke7 43. Qa7+ Ke6 44. Kf2 Kf6 45. h4 Ke6 46. Kf3 d5 47. h5 Nf6 48. Kg3 Ne8 49.
Qa8 Nd6 50. Qg8+ Kf6 51. Qd8+ Ke6 52. Qa5 Nf7 53. Qa6+ Nd6 54. Kh4 e4 55. g5 Ke5 56.
gxh6 gxh6 57. Kg3 Nf5+ 58. Kf2 d4 59. Qa5+ Kf4 60. Qc7+ Kg4 61. Qe5 e3+ 62. Ke2 Kg5 63.
Kd3 Kg4 64. Qe4+ Kg5 65. Qg2+ Kxh5 66. Ke4 Nh4 67. Qh3 e2 68. Qg3 e1=Q+ 69. Qxe1 Kg4 70. Qe2+ Kg3 71. Qe1+ Kg4 72. Qg1+ Kh3 73. Qf1+ Kg3 74.
Qf4+ Kh3 75. Qxh6 d3 76. Kxd3 Kg3 77. Qg5+ Kh3 78. Ke3 Ng2+ 79. Kf2 1-0

[Event "Late-Titled-Tuesday-Blitz-July-09-2024"]
[Site "Chess.com"]
[Date "2024.07.09"]
[Round "1"]
[White "HouseOfDurin"]
[Black "ansko1999"]
[Result "0-1"]
[WhiteElo "2288"]
[BlackElo "2622"]
[TimeControl "180+1"]
[EndTime "14:08:59 PDT"]
[Termination "ansko1999 won by resignation"]

1. d4 d5 2. Bg5 c5 3. c3 Nf6 4.
Bxf6 gxf6 5. g3 e5 6. e3 Be6 7. Nd2 Qb6 8. Qb3 Nc6 9. Qxb6 axb6 10. Bb5 O-O-O 11. Ne2 h5 12. h4 Kc7 13. f4 Bg4 14. Kf2 Bh6 15. Bxc6 Kxc6 16. Nf3 cxd4 17. cxd4 e4 18.
Rhc1+ Kd6 19. Nh2 Bxe2 20. Kxe2 f5 21. Rc3 Rc8 22. Rac1 Rc6 23. b4 Rg8 24. Nf1 Ra8 25. Rxc6+ bxc6 26. Rc2 Bf8 27. Rb2 Kc7 28. Kd2 Ra3 29.
Kc2 Kb7 30. Kb1 Ka6 31. Kc2 Kb5 32. Kb1 Bxb4 33. Nd2 Rxe3 34. Nb3 Re1+ 35. Kc2 Re2+ 36. Kb1 Rxb2+ 37. Kxb2 Be1 38. Kc2 Bxg3 39. Nc1 Bxf4 40.
Ne2 Be3 41. Kb3 f4 42. a4+ Ka6 43. Kc3 f3 44. Ng3 Bf2 45. Nf1 Bxh4 46. Kd2 Bg5+ 47. Ke1 Bf4 48. Kf2 h4 49. Kg1 h3 50. a5 Kxa5 51. Kh1 Kb4 52. Ne3 Bxe3 53. Kh2 Bf2 54. Kh1 f5 55. Kh2 Kc4 56. Kxh3 Kxd4 57. Kh2 Ke5 58.
Kh1 Kf6 59. Kh2 Kf7 60. Kh3 Kg7 61. Kh2 Kh7 62. Kh1 Kh8 63. Kh2 Kg8 64. Kh1 Kf8 65. Kh2 Ke8 66. Kh3 Kd8 67. Kh2 Kc8 68. Kh3 Kb8 69. Kh2 Ka8 70. Kh1 Ka7 71. Kh2 Kb7 72. Kh1 Kc7 73. Kh2 Kd7 74. Kh1 Ke7 75. Kh2 Kf7 76.
Kh1 Kf6 77. Kh2 Ke6 78. Kh1 Kd6 79. Kh2 Kc5 80. Kh1 Kc4 81. Kh2 Kd4 82. Kh1 Ke5 83.
Kh2 b5 84. Kh1 Kf6 85. Kh2 Kg6 86. Kh1 Kh6 87. Kh2 Kh7 88. Kh1 Kh8 89. Kh2 Kg8 90.
Kh1 Kf8 91. Kh2 Ke8 92. Kh1 Kd8 93. Kh2 Kc8 94. Kh1 Kb8 95. Kh2 Ka8 96. Kh1 Ka7 97. Kh2 Kb7 98. Kh1 Kc7 99. Kh2 Kd7 100. Kh1 Ke7 101. Kh2 Kf7 102. Kh1 Kg7 103. Kh2 Kg6 104. Kh1 Kf6 105. Kh2 Ke6 106. Kh1 Kd6 107. Kh2 Kc5 108. Kh1 Kb6 109. Kh2 Ka5 110. Kh1 Ka4 111. Kh2 Ka3 112. Kh1 Ka2 113. Kh2 Kb2 114. Kh1 Kc2 115. Kh2 b4 116. Kh1 Kc3 117. Kh2 Kc4 118. Kh1 Kc5 119. Kh2 Kb5 120. Kh1 Ka5 121. Kh2 Ka6 122. Kh1 Ka7 123. Kh2 Ka8 124. Kh1 Kb8 125. Kh2 Kc8 126. Kh1 Kd8 127. Kh2 Ke8 128. Kh1 Kf8 129. Kh2 Kg8 130. Kh1 Kh8 131. Kh2 Kh7 132. Kh1 Kg7 133. Kh2 Kf7 134. Kh1 Ke7 135. Kh2 Kd7 136. Kh1 Kc7 137. Kh2 Kb7 138. Kh1 Kb6 139. Kh2 Kb5 140. Kh1 Kc5 141. Kh2 Kd6 142. Kh1 Ke6 143. Kh2 Kf6 144. Kh1 Kg6 145. Kh2 Kh6 146. Kh1 Kg5 147. Kh2 Kf4 148. Kh1 Ke5 149. Kh2 b3 150. Kh1 Kd4 151. Kh2 Kc4 152. Kh1 Kb4 153. Kh2 Ka4 154. Kh1 Ka5 155. Kh2 Ka6 156. Kh1 Ka7 157. Kh2 Ka8 158. Kh1 Kb8 159. Kh2 Kb7 160. Kh1 Kb6 161. Kh2 Kb5 162. Kh1 Kc5 163. Kh2 Kd6 164. Kh1 Kc7 165. Kh2 Kc8 166. Kh1 Kd8 167. Kh2 Kd7 168. Kh1 Ke7 169. Kh2 Ke8 170. Kh1 Kf8 171. Kh2 Kf7 172. Kh1 Kg7 173. Kh2 Kg8 174. Kh1 Kh8 175. Kh2 Kh7 176. Kh1 Kh6 177. Kh2 Kg6 178. Kh1 Kf6 179. Kh2 Ke6 180. Kh1 Ke5 181. Kh2 Kd4 182. Kh1 c5 183. Kh2 Kc4 184. Kh1 Kb4 185. Kh2 Ka4 186. Kh1 Ka5 187. Kh2 Ka6 188. Kh1 Ka7 189. Kh2 Ka8 190. Kh1 Kb8 191. Kh2 Kc8 192. Kh1 Kd8 193. Kh2 Ke8 194. Kh1 Kf8 195. Kh2 Kg8 196. Kh1 Kh8 197. Kh2 Kh7 198. Kh1 Kg7 199. Kh2 Kf7 200. Kh1 Ke7 201. Kh2 Kd7 0-1

[Event "Late-Titled-Tuesday-Blitz-July-09-2024"]
[Site "Chess.com"]
[Date "2024.07.09"]
[Round "1"]
[White "MarkoPe"]
[Black "Andrei_Skvortsov"]
[Result "0-1"]
[WhiteElo "2425"]
[BlackElo "2796"]
[TimeControl "180+1"]
[EndTime "14:09:10 PDT"]
[Termination "Andrei_Skvortsov won on time"]

1. d4 d5 2. g3 Bf5 3. Bg2 c6 4. Nf3 Nf6 5. O-O Nbd7 6. c4 dxc4 7. Nc3 Nb6 8. a4 Nfd5 9. Ne5 Nxc3 10. bxc3 Be6 11. Qc2 f6 12. Nf3 Bf7 13. a5 Nd5 14. e4 Nc7 15. Ba3 e6 16. Bxf8 Kxf8 17. Rfd1 Nb5 18. Bf1 Qe7 19. Bxc4 Nd6 20. Bf1 g6 21. e5 Nf5 22. exf6 Qxf6 23. Bg2 Kg7 24. Ne5 Rhd8 25. Rab1 Nd6 26. Re1 a6 27. Bh3 Bg8 28. Qe2 Nb5 29. Qd2 Rab8 30. Ng4 Qf8 31. Qh6+ Kh8 32.
Qd2 c5 33. Qe3 cxd4 34. cxd4 Qg7 35. Ne5 Nxd4 36. Qe4 Nb5 37. Rb3 Rd4 38. Qe3 Rbd8 39. Bg2 Rd1 40. Rb1 Rxb1 41. Rxb1 Qc7 42. Qg5 Re8 43. Qf6+ Qg7 44. Qxg7+ Kxg7 45. Bxb7 Nc7 46. Rb6 Rd8 47. Bxa6 Rd1+ 48. Kg2 Kf6 49. f4 Nd5 50. Rb8 Kg7 51. Bb7 Rd2+ 52. Kf3 Rxh2 53. Bxd5 exd5 54. a6 Ra2 55. Rb7+ Kf6 56. a7 d4 57. Ke4 Be6 58.
Kxd4 h5 59. Nc6 Bh3 60. Rb8 Bg2 61. a8=Q Rxa8 62. Rxa8 Kf5 63. Ne5 Bxa8 64. Ke3 Bd5 65. Kf2 Be6 66. Kg2 Bd5+ 67. Kh3 Be4 68. Kh4 Bc2 69. Nf7 Bd1 70. Ne5 Be2 71. Nf7 Kf6 72.
Ne5 g5+ 73. Kh3 Kf5 74. Nf7 Bg4+ 75. Kg2 gxf4 76. gxf4 Kxf4 77. Nh6 Be6 78. Kh2 Kg5 0-1

[Event "Late-Titled-Tuesday-Blitz-July-09-2024"]
[Site "Chess.com"]
[Date "2024.07.09"]
[Round "1"]
[White "Flawless_Fighter"]
[Black "fugadelafuga"]
[Result "1/2-1/2"]
[WhiteElo "2772"]
[BlackElo "2429"]
[TimeControl "180+1"]
[EndTime "14:09:11 PDT"]
[Termination "Game drawn by repetition"]

1. g3 d5 2. Bg2 c6 3. Nf3 Nf6 4. O-O Bf5 5. b3 Nbd7 6. Bb2 e6 7. d3 h6 8. Nbd2 Bh7 9. Re1 Bc5 10. e4 O-O 11. Qe2 Re8 12. Rad1 a5 13. a3 a4 14. b4 Bb6 15. h3 c5 16. e5 Nh5 17.
bxc5 Bxc5 18. Kh2 Qb6 19. Rb1 Qa7 20. Rf1 Rac8 21. Rbc1 Qb6 22. Rb1 Qa7 23. Nh4 g6 24. c4 Bd4 25. cxd5 exd5 26. Ndf3 Bxb2 27. Rxb2 Qc5 28.
Rxb7 Nf8 29. Ng1 Ng7 30. Rb4 Nd7 31. d4 Qc3 32. Rxa4 Nb6 33. Rb4 Nc4 34. Nhf3 Nxa3 35.
Rb7 Ne6 36. Qb2 Qxb2 37. Rxb2 g5 38. Ra1 Nc2 39. Rd1 Be4 40. Ne2 Rb8 41. Rxb8 Rxb8 42. Rd2 Rb4 43. Nxg5 hxg5 44. Bxe4 dxe4 45. Rxc2 Nxd4 46.
Nxd4 Rxd4 47. Re2 Kf8 48. g4 Ke7 49. Ra2 Ke6 50. Ra5 Rd5 51. Ra6+ Kxe5 52. Kg3 Rd3+ 53. Kg2 e3 54. Ra5+ Ke6 55. fxe3 f6 56. Kf3 Rd2 57. Ra6+ Kf7 58. Ra7+ Kg6 59. Ra6 Rh2 60. Kg3 Re2 61. Re6 Re1 62. Kf2 Rh1 63. Kg2 Ra1 64. e4 Ra3 65. e5 Ra2+ 66. Kf1 Ra1+ 67. Ke2 Ra2+ 68. Kd1 Ra3 69. Rxf6+ Kg7 70. Rf5 Kg6 71. Rf6+ Kg7 72.
Rf5 Kg6 73. Ke2 Rxh3 74. e6 Rh8 75. Kf3 Re8 76. Re5 Kf6 77. Ke4 Rxe6 78. Rxe6+ Kxe6 79. Kd4 Kd6 80. Ke4 Ke6 81. Kd4 Kd6 82. Ke4 Ke6 1/2-1/2